 Dungeon Crawl Stone Soup version 0.28-a0-1567-g1695149f81 (webtiles) character file.

Game seed: 5114603354286867586

356 Pin the Covered (level 6, 0/51 HPs)
             Began as a Hill Orc Monk on Jan 20, 2022.
             Succumbed to sizableburger's ghost's poison
             ... on level 4 of the Dungeon.
             The game lasted 00:06:32 (3593 turns).

Pin the Covered (Hill Orc Monk)                     Turns: 3593, Time: 00:06:33

Health: 0/51       AC:  9    Str: 16    XL:     6   Next: 63%
Magic:  6/6        EV: 11    Int: 10    God:
Gold:   121        SH:  0    Dex: 13    Spells: 5/5 levels left

rFire   . . .      SeeInvis .   n - +1 hand axe (freeze)
rCold   . . .      Faith    .   (no shield)
rNeg    . . .      Spirit   .   e - +0 ring mail
rPois   .          Reflect  .   f - +0 helmet
rElec   .          Harm     .   (no cloak)
rCorr   .          Rampage  .   k - +0 pair of gloves
Will    .....                   (no boots)
Stlth   +.........              b - amulet of regeneration
HPRegen 0.97/turn               l - ring of flight
MPRegen 0.10/turn               (no ring)

@: lethally poisoned (0 -> -11), flying
A: no striking features
a: no special abilities


You were on level 4 of the Dungeon.
You visited 1 branch of the dungeon, and saw 4 of its levels.

You collected 121 gold pieces.

Inventory:

Hand Weapons
 n - a +1 hand axe of freezing (weapon)
Armour
 e - a +0 ring mail (worn)
 f - a +0 helmet (worn)
 k - a +0 pair of gloves (worn)
Jewellery
 b - an amulet of regeneration (around neck)
 j - an amulet of reflection
 l - a ring of flight (left hand)
 o - a ring of resist corrosion
Scrolls
 a - a scroll of holy word {unknown}
 g - 2 scrolls of identify {unknown}
Potions
 c - a potion of mutation {unknown}
 d - a potion of brilliance {unknown}
 h - 2 potions of magic {unknown}
 i - a potion of heal wounds {unknown}
 m - 2 potions of curing {unknown}


   Skills:
 - Level 3.6 Fighting
 - Level 4.0 Axes
 + Level 7.1 Armour
 - Level 2.4 Dodging
 - Level 1.5 Stealth


You had 5 spell levels left.
You didn't know any spells.
Your spell library contained the following spells:

 Spells                   Type           Power      Damage    Failure   Level
 Shock                    Conj/Air       0%         1d3       54%         1
 Ensorcelled Hibernation  Hex/Ice        0%         N/A       69%         2
 Passwall                 Tmut/Erth      0%         N/A       69%         2
 Swiftness                Air            0%         N/A       89%         3
 Airstrike                Air            0%         N/A       100%        4


Dungeon Overview and Level Annotations

Branches:
Dungeon (4/15)
 Temple: D:4-7

Altars:

Shops:
D:1 !   D:4 [

Annotations:
D:4 sizableburger's ghost, amateur NaAE


Message History

Sizableburger's ghost is moderately damaged.
You feel very sick.
Sizableburger's ghost hits you but does no damage.
You are more poisoned.
You hit sizableburger's ghost. You freeze sizableburger's ghost.
Sizableburger's ghost is moderately damaged.
You feel very sick. Sizableburger's ghost hits you.
You are more poisoned.
You slash sizableburger's ghost! You freeze sizableburger's ghost.
Sizableburger's ghost is heavily damaged.
You feel very sick. Sizableburger's ghost hits you.
You are more poisoned.
You slash sizableburger's ghost! You freeze sizableburger's ghost.
Sizableburger's ghost is almost destroyed.
You feel extremely sick. Sizableburger's ghost hits you.
You hit sizableburger's ghost. You freeze sizableburger's ghost.
Sizableburger's ghost is almost destroyed.
You hit the endoplasm but do no damage.
You feel very sick. The endoplasm freezes you.
You are frozen.
* * * LOW HITPOINT WARNING * * *
Sizableburger's ghost hits you but does no damage.
You are lethally poisoned!
You hit sizableburger's ghost but do no damage.
Sizableburger's ghost is almost destroyed.
You hit the endoplasm. You freeze the endoplasm.
* * * LOW HITPOINT WARNING * * *
You feel extremely sick. The endoplasm freezes you.
You are frozen.
* * * LOW HITPOINT WARNING * * *
Sizableburger's ghost closely misses you.
You closely miss sizableburger's ghost.
Sizableburger's ghost is almost destroyed.
You hit the endoplasm but do no damage.
You die...

.. ##### ....
#...####### .....
#...#.....###.....
#...#.....#......
....##)..#.....#.#..#
#....##...#..........#
##...##...#......J...#
.#...##...#..###@''###
.#...##...##'#(W...(.#
.#...#....##.#..(....#
.#..##...#...#....(..#
.##..'...+...#(8.....#
.###.#...#...#...(.(.#
####.#...#.#.#########
#..#.#...#.#.#
...#.#...#.#.# #


You could see sizableburger's ghost and an endoplasm.

Vanquished Creatures
  A black bear (D:4)
  A scorpion (D:4)
  A hound skeleton (D:4)
  Robin (D:2)
  7 gnolls
  4 adders
  2 worms
  A dart slug (D:2)
  An orc (D:3)
  5 bats
  5 endoplasms
  2 giant cockroaches
  18 goblins
  5 hobgoblins
  4 jackals (D:2)
  A kobold (D:4)
  2 quokkas (D:1)
  4 ball pythons
  A frilled lizard (D:1)
  A quokka skeleton (D:4)
  2 rats
69 creatures vanquished.

Vanquished Creatures (others)
  A withered plant (D:2)
1 creature vanquished.

Grand Total: 70 creatures vanquished

Notes
Turn   | Place    | Note
-------+----------+-------------------------------------------
     0 | D:1      | Pin the Hill Orc Monk began the quest for the Orb.
     0 | D:1      | Reached XP level 1. HP: 19/19 MP: 1/1
   337 | D:1      | Reached skill level 1 in Armour
   817 | D:1      | Reached XP level 2. HP: 26/26 MP: 2/2
   825 | D:1      | Reached skill level 2 in Armour
   900 | D:1      | Found Rishriz's Distillery.
  1186 | D:1      | Reached XP level 3. HP: 31/31 MP: 3/3
  1492 | D:2      | Reached skill level 3 in Armour
  1752 | D:2      | Noticed Robin
  1775 | D:2      | Reached XP level 4. HP: 26/39 MP: 4/4
  1779 | D:2      | Reached skill level 4 in Armour
  1791 | D:2      | Killed Robin
  1876 | D:2      | Found a faded altar of an unknown god.
  1965 | D:2      | Reached XP level 5. HP: 12/45 MP: 5/5
  2315 | D:3      | Reached skill level 5 in Armour
  2426 | D:3      | You fall into a shaft and drop 1 floor!
  2491 | D:4      | Noticed a black bear
  2514 | D:4      | HP: 2/45 [black bear (5)]
  2515 | D:4      | Killed a black bear
  2516 | D:4      | Reached skill level 6 in Armour
  2516 | D:4      | Reached XP level 6. HP: 4/51 MP: 6/6
  3474 | D:4      | Reached skill level 7 in Armour
  3512 | D:4      | Found Tishpak's Dragon-Slaying Spoils.
  3581 | D:4      | Found a runed translucent gate.
  3581 | D:4      | Found a runed translucent gate.
  3581 | D:4      | Found a runed translucent gate.
  3582 | D:4      | Noticed sizableburger's ghost (amateur NaAE)
  3593 | D:4      | Succumbed to sizableburger's ghost's poison

Illustrated notes

Levels and vault maps discovered:
D:1:      nicolae_arrival_somewhat_less_tricky_arrival, layout_basic,
          serial_shops, nicolae_shop_stone
D:2:      layout_loops_ring, ebering_ecumenical_altar_petrified, serial_forest,
          infiniplex_forest_straight_4, infiniplex_forest_lined_room_2,
          infiniplex_forest_straight_3, infiniplex_forest_straight_4,
          infiniplex_forest_lined_3_way, uniq_robin
D:3:      layout_basic, serial_bayou_lagoon_a
D:4:      layout_basic, ebering_ghost_rock_garden, serial_park_tiny_2,
          nicolae_shop_dragon_depot, uniq_crazy_yiuf_cottage, uniq_sigmund

Skill      XL: |  1  2  3  4  5  6 |
---------------+-------------------+-----
Armour         | 1 2 3 4 6 7 |  7.1
Fighting       | |  3.6
Axes           | |  4.0
Dodging        | |  2.4
Stealth        | |  1.5

Action                   |  1- 3 |  4- 6 || total
-------------------------+-------+-------++-------
Melee: Hand axe          |   113 |   145 ||   258
       Punch             |     1 |     1 ||     2
 Stab: Sleeping          |     2 |       ||     2
Armor: Leather armour    |     9 |       ||     9
       Robe              |     2 |       ||     2
       Ring mail         |    33 |    63 ||    96
Dodge: Dodged            |    75 |    94 ||   169

Table legend: (Time is in decaauts)
 A = Elapsed time spent in this place.
 B = Non-inter-level travel time spent in this place.
 C = Inter-level travel time spent in this place.
 D = Time resting spent in this place.
 E = Time spent auto-exploring this place.
 F = Levels seen in this place.
 G = Mean time per level.
                   A        B        C        D        E       F      G
               +--------+--------+--------+--------+--------+-----+--------+
         Total |   3618 |   3533 |     85 |    546 |   2440 |   4 |  904.5 |
       Dungeon |   3618 |   3533 |     85 |    546 |   2440 |   4 |  904.5 |
               +--------+--------+--------+--------+--------+-----+--------+

Top non-repeatable levels by time:
     D:1: 1423 daAuts
     D:3: 1025 daAuts
     D:2: 893 daAuts
     D:4: 275 daAuts
